 Dungeon Sprint DCSS version 0.20-a0-309-gcba9277 (webtiles) character file.

25 Havercy the Ruffian (level 2, -4/28 HPs)
             Began as a Troll Gladiator on Dec 19, 2016.
             Was an Initiate of Ru.
             Slain by a wyvern (16 damage)
             ... in the Dungeon (Sprint IX: "|||||||||||||||||||||||||||||").
             The game lasted 00:00:25 (79 turns).

Havercy the Ruffian (Troll Gladiator)                 Turns: 79, Time: 00:00:26

Health: -4/28      AC:  5    Str: 28    XL:     2   Next: 82%
Magic:  1/1        EV: 11    Int:  4    God:    Ru [......]
Gold:   0          SH:  0    Dex: 10    Spells: 1/1 levels left

rFire  . . .     SeeInvis .       - Unarmed
rCold  . . .     Gourm    +     a - +0 robe
rNeg   . . .     Faith    .     (no shield)
rPois  .         Spirit   .     b - +0 hat
rElec  .         Reflect  .     (no cloak)
rCorr  .         Harm     .     (gloves unavailable)
MR     .....     NoTele   +     (boots unavailable)
Stlth  +.........               (no amulet)
                                p - +3 ring of strength
                                o - +3 ring of strength

@: no status effects
A: unfitting armour, claws 3, fast metabolism 3, gourmand, regeneration 1,
shaggy fur 1, tough skin 2
a: Renounce Religion


You were in the Dungeon.
You worshipped Ru.
Ru was noncommittal.
You were not hungry.

You visited 1 branch

Inventory:

Missiles
 c - 3 throwing nets (quivered)
Armour
 a - a +0 robe (worn)
 b - a +0 hat (worn)
Jewellery
 o - a +3 ring of strength (left claw)
 p - a +3 ring of strength (right claw)
Wands
 n - a wand of iceblast (7/15)
Scrolls
 j - 2 scrolls of blinking
 l - 3 scrolls of remove curse
 m - 2 scrolls of amnesia
Potions
 e - 5 potions of curing
 f - 3 potions of heal wounds
 g - a potion of haste
 h - 4 potions of magic
 i - a potion of berserk rage
 k - a potion of invisibility
Comestibles
 d - 2 bread rations


   Skills:
 + Level 2.0 Fighting
 - Level 1.7 Throwing
 + Level 3.5 Dodging
 * Level 5.3 Unarmed Combat


You had one spell level left.
You didn't know any spells.

Dungeon Overview and Level Annotations

Branches:
Dungeon (1/1)

Altars:
Cheibriados
Dithmenos
Elyvilon
Fedhas
Gozag
Hepliaklqana
Kikubaaqudgha
Makhleb
Nemelex Xobeh
Okawaru
Qazlal
Ru
Sif Muna
Trog
Uskayaw
Vehumet
Xom
Yredelemnul
Zin
The Shining One
Beogh
Jiyva
Lugonu


Innate Abilities, Weirdness & Mutations

You are too large for most types of armour.
You have claws for hands.
Your metabolism is lightning-fast.
You like to eat raw meat.
Your natural rate of healing is unusually fast.
You are covered in fur. (AC +1)
You have very tough skin. (AC +2)


Message History

p - a +3 ring of strength (right claw) Unknown command.
You open the door.
An iguana, a wyvern, a centaur, an ogre, a crimson imp and a zombie come into view.
The wyvern hisses angrily.
The crimson imp shouts!
The iguana hisses angrily.
The centaur shouts!
Unknown command.
Okay, then.
You barely miss the leopard gecko zombie.
The leopard gecko zombie bites you.
Unknown command.
The ogre shouts!
You claw the leopard gecko zombie!
You destroy the leopard gecko zombie!
The wyvern bites you!
Ouch! That really hurt!
Unknown command.
You barely miss the wyvern. The wyvern bites you!
Ouch! That really hurt!
You die... ▓▓▓▓▓▓▓▓▓▓▓▓▓▓▓▓▓▓▓▓▓▓▓▓ ______.'..|)[[[.@l5l.c.O ▓▓▓▓▓▓▓▓▓▓▓▓▓▓▓▓▓▓▓▓▓▓▓▓

You could see a wyvern, an ogre, a centaur, an iguana and a crimson imp.

Vanquished Creatures
  An adder (D)
  An ooze (D)
  A leopard gecko (D)
  2 goblins (D)
  2 hobgoblins (D)
  2 ball python zombies (D)
  A frilled lizard (D)
  A leopard gecko zombie (D)
11 creatures vanquished.

Notes
Turn   | Place    | Note
-------+----------+-------------------------------------------
     0 | D        | Havercy the Troll Gladiator began the quest for the Orb.
     0 | D        | Reached XP level 1. HP: 19/19 MP: 0/0
    14 | D        | Reached skill level 4 in Unarmed Combat
    20 | D        | Reached XP level 2. HP: 28/28 MP: 1/1
    21 | D        | Reached skill level 5 in Unarmed Combat
    31 | D        | Found a roughly hewn altar of Beogh.
    31 | D        | Found a snail-covered altar of Cheibriados.
    31 | D        | Found a shadowy altar of Dithmenos.
    31 | D        | Found a white marble altar of Elyvilon.
    31 | D        | Found a blossoming altar of Fedhas.
    31 | D        | Found an opulent altar of Gozag.
    32 | D        | Found a hazy altar of Hepliaklqana.
    33 | D        | Found a viscous altar of Jiyva.
    34 | D        | Found an ancient bone altar of Kikubaaqudgha.
    35 | D        | Found a corrupted altar of Lugonu.
    36 | D        | Found a burning altar of Makhleb.
    37 | D        | Found a sparkling altar of Nemelex Xobeh.
    38 | D        | Found an iron altar of Okawaru.
    39 | D        | Found a stormy altar of Qazlal.
    40 | D        | Found a sacrificial altar of Ru.
    41 | D        | Found a deep blue altar of Sif Muna.
    42 | D        | Found a bloodstained altar of Trog.
    43 | D        | Found a hide-covered altar of Uskayaw.
    44 | D        | Found a radiant altar of Vehumet.
    45 | D        | Found a shimmering altar of Xom.
    46 | D        | Found a basalt altar of Yredelemnul.
    47 | D        | Found a glowing silver altar of Zin.
    48 | D        | Became a worshipper of Ru the Awakened
    49 | D        | Found a glowing golden altar of the Shining One.
    76 | D        | Noticed a wyvern
    76 | D        | Noticed a crimson imp
    76 | D        | Noticed a centaur
    76 | D        | Noticed an ogre
    79 | D        | Slain by a wyvern

Vault maps used:
D:        linesprint

Skill      XL: |  1  2 |
---------------+-------+-----
Unarmed Combat | 4 5 |  5.3
Dodging        | 3 |  3.5
Fighting       | 2 |  2.0
Throwing       | |  1.7

Action                   || total
-------------------------++-------
Melee: Unarmed           ||    17
Armor: Robe              ||     1
Dodge: Dodged            ||     2
